 Dungeon Crawl Stone Soup version 0.32-a0-938-g40ac7a0f4d (webtiles) character file.

Game seed: 10642862217297945606

56603 dialectric the Impaler (level 14, 0/117 HPs)
             Began as a Minotaur Fighter on Apr 15, 2024.
             Was the Champion of Hepliaklqana.
             Slain by a two-headed ogre
             ... wielding a +0 giant club
              (17 damage)
             ... on level 2 of the Orcish Mines.
             The game lasted 00:21:19 (15044 turns).

dialectric the Impaler (Minotaur Fighter)          Turns: 15044, Time: 00:21:19

Health: 0/117      AC: 34    Str: 27    XL:     14   Next: 42%
Magic:  20/20      EV:  6    Int:  5    God:    Hepliaklqana [******]
Gold:   1434       SH:  0    Dex:  9    Spells: 19/23 levels left

rFire   + . .        v - +3 trident (venom)
rCold   + . .        (no shield)
rNeg    . . .        B - +3 gold dragon scales
rPois   +            (helmet restricted)
rElec   .            y - +0 cloak
rCorr   .            q - +0 pair of gloves
SInv    .            (no boots)
Will    +....        (no amulet) Stlth
                     i - +4 ring of protection
HPRegen 0.39/turn    n - +4 ring of protection
MPRegen 0.17/turn

%: no passive effects
@: about to teleport
A: reduced essence, horns 2, retaliatory headbutt
a: Renounce Religion, Recall Ancestor, Ancestor Identity, Transference, Idealise


You were on level 2 of the Orcish Mines.
You worshipped Hepliaklqana.
Hepliaklqana was exalted by your worship.
You visited 2 branches of the dungeon, and saw 14 of its levels.
You also visited: Ossuary and Ice Cave.

You collected 1434 gold pieces.

Inventory:

Hand Weapons
 d - the +6 scimitar of Extremism {spect, Dex+6}
   (You found it in an ice cave)

   Dex+6:     It affects your dexterity (+6).
 v - a +3 trident of venom (weapon)
 K - a +4 heavy whip
 P - a +2 trident of draining
 X - a +0 morningstar of freezing
Missiles
 t - a throwing net
 u - 16 poisoned darts (quivered)
 F - 18 curare-tipped darts
Armour
 c - a +0 buckler
 q - a +0 pair of gloves (worn)
 y - a +0 cloak (worn)
 z - a +0 plate armour
 B - +3 gold dragon scales (worn)
 H - a +0 pair of gloves
 M - +0 acid dragon scales
 V - a +2 crystal plate armour of cold resistance
Jewellery
 i - a +4 ring of protection (left hand)
 l - a +5 ring of evasion
 m - a ring of wizardry
 n - a +4 ring of protection (right hand)
 J - a ring of flight
 R - an amulet of magic regeneration
 S - an amulet of faith
Talismans
 f - a serpent talisman
 k - a blade talisman
Wands
 e - a wand of roots (4)
 g - a wand of charming (11)
 r - a wand of polymorph (16)
 G - a wand of acid (18)
 I - a wand of mindburst (18)
 U - a wand of flame (6)
Scrolls
 a - 3 scrolls of fog
 h - 3 scrolls of teleportation
 j - a scroll of noise {unknown}
 o - a scroll of vulnerability
 D - 5 scrolls of amnesia
 N - 2 scrolls of fear {unknown}
 O - a scroll of butterflies
 Q - a scroll of revelation {unknown}
 W - a scroll of identify
Potions
 b - a potion of invisibility {unknown}
 p - 3 potions of ambrosia
 s - 10 potions of curing
 w - 4 potions of cancellation
 x - 2 potions of brilliance
 A - 2 potions of heal wounds
 C - a potion of haste
 E - a potion of magic
 L - 3 potions of lignification
 Y - a potion of might
Miscellaneous
 T - a condenser vane


   Skills:
 + Level 13.9 Fighting
 - Level 3.6 Maces & Flails
 + Level 15.8 Polearms
 + Level 14.7 Armour
 - Level 6.1 Dodging
 - Level 4.1 Shields
 - Level 5.0 Spellcasting
 - Level 5.0 Necromancy
 - Level 5.0 Invocations
 + Level 4.5 Evocations


You had 19 spell levels left.
You knew the following spells:

 Your Spells              Type           Power      Damage    Failure   Level
a - Animate Dead          Necr           6%         N/A       100%        4

Your spell library contained the following spells:

 Spells                   Type           Power      Damage    Failure   Level
 Fugue of the Fallen      Necr           6%         N/A       95%         3
 Cigotuvi's Dreadful Rot  Necr/Alch/Air  4%         N/A       99%         2
 Magic Dart               Conj           4%         1d3       100%        1
 Sandblast                Erth           2%         2d4       100%        1
 Sting                    Conj/Alch      4%         1d3       100%        1
 Ensorcelled Hibernation  Hex/Ice        2%         N/A       100%        2
 Searing Ray              Conj           2%         2d4       100%        2
 Hailstorm                Conj/Ice       1%         3d5       100%        3
 Sigil of Binding         Hex            1%         N/A       100%        3
 Stone Arrow              Conj/Erth      2%         3d7       100%        3
 Summon Ice Beast         Ice/Summ       1%         N/A       100%        3
 Tukima's Dance           Hex            1%         N/A       100%        3
 Anguish                  Hex/Necr       1%         N/A       100%        4
 Brom's Barrelling Bould  Conj/Erth      1%         2d3       100%        4
 Dimensional Bullseye     Hex/Tloc       0%         N/A       100%        4
 Fulminant Prism          Conj/Alch      0%         3d5       100%        4
 Ignite Poison            Fire/Alch      1%         N/A       100%        4
 Iskenderun's Mystic Bla Conj/Tloc 1%             2d3        (+2d1     100%        4
 Freezing Cloud           Conj/Ice/Air   0%         6-21      100%        5
 Bombard                  Conj/Erth      0%         9d1       100%        6
 Conjure Ball Lightning   Conj/Air       0%         3x3d6     100%        6
 Death Channel            Necr           3%         N/A       100%        6
 Permafrost Eruption      Ice/Erth       0%         2x4d1     100%        6
 Sculpt Simulacrum        Ice/Alch       0%         N/A       100%        6
 Haunt                    Necr/Summ      1%         N/A       100%        7
 Infestation              Necr           3%         N/A       100%        8


Dungeon Overview and Level Annotations

Branches:
Dungeon (12/15)            Temple (0/1) D:6            Lair (0/5) D:8
    Orc (2/2) D:12        Ossuary (visited)           IceCv (visited)
    Elf: Orc:2

Altars:
Ashenzari
Cheibriados
Elyvilon
Fedhas
Hepliaklqana
Kikubaaqudgha
Makhleb
Okawaru
Qazlal
Ru
Sif Muna
Wu Jian
Zin
The Shining One

Portals:
Trove: D:10 (give +4 shadow dragon scales)


Innate Abilities, Weirdness & Mutations

Your life essence is reduced to manifest your ancestor. (-10% HP)
You have a pair of horns on your head.
You reflexively headbutt those who attack you in melee.


Message History

* * * LOW HITPOINT WARNING * * *
Unknown command.
You are too injured to fight recklessly!
You puncture the two-headed ogre! You headbutt the two-headed ogre.
You kill the two-headed ogre!
Something hits you but does no damage.
You puncture the ogre!
The ogre looks as sick as possible!
The ogre is almost dead.
You kill the ogre!
You are too injured to fight recklessly!
Unknown command.
You are too injured to fight recklessly!
Something hits you but does no damage.
The two-headed ogre hits you but does no damage.
The two-headed ogre hits you with a +0 giant spiked club!
* * * LOW HITPOINT WARNING * * *
A two-headed ogre comes into view.
It is wielding a +0 giant spiked club and a +0 giant club.
Things that are here:
a +0 giant spiked club; a +0 giant club; a +0 giant club Something hits you!
* * * LOW HITPOINT WARNING * * *
Unknown command.
You feel much better.
The two-headed ogre hits you but does no damage.
The two-headed ogre hits you with a +0 giant spiked club!
* * * LOW HITPOINT WARNING * * *
An ogre comes into view. It is wielding a +0 giant club.
The ogre shouts!
The two-headed ogre shouts in stereo!
You puncture the two-headed ogre!
The two-headed ogre is poisoned.
You headbutt the two-headed ogre.
The two-headed ogre is moderately wounded.
Something hits you.
* * * LOW HITPOINT WARNING * * *
Unknown command.
As you read the scroll of teleportation, it crumbles to dust.
You feel strangely unstable.
The two-headed ogre hits you but does no damage.
The two-headed ogre hits you with a +0 giant spiked club!
You die...
Hepliaklqana delivers you to your ancestors.

.........#..#
......O.....#
............###
.......))....$##
.....O))O......#
......$....##.##
.........#####
#######.)O##.##
..####OOO@..#
....##.{##...#
.....#.)# #.##..
.........## ....
.........$## ...
......#....##.#####..
.....##.....#.###......
...####..).............
### ##...............#


You could see 3 two-headed ogres and 2 ogres.

Vanquished Creatures
  A frost giant (IceCv)
  An ogre mage (Orc:2)
  2 boulder beetles
  4 death yaks (IceCv)
  12 two-headed ogres
  An orc high priest (Orc:1)
  Sonja (D:11)
  An obsidian bat (Orc:1)
  An orc knight (Orc:1)
  4 ugly things
  A manticore (D:7)
  3 kobold blastminers
  3 cyclopes
  A meliai (D:9)
  An ice statue (IceCv)
  2 rime drakes
  Jeremiah (D:9)
  An unseen horror (D:7)
  A freezing wraith (D:9)
  6 trolls
  Psyche (D:11)
  5 polar bears (IceCv)
  Sigmund (D:3)
  2 slime creatures (D:12)
  2 wyverns
  34 yaks
  2 steam dragons (D:9)
  6 vampire mosquitoes
  2 acid dragons
  Duvessa (D:7)
  3 water moccasins
  10 orc warriors
  2 sky beasts
  13 ogres
  16 wolves (IceCv)
  3 centaurs
  A phantom (D:5)
  4 kobold brigands
  5 bullfrogs
  A weeping skull (Ossuary)
  4 scorpions
  3 gnoll sergeants
  3 wights
  10 killer bees (D:9)
  5 howler monkeys
  2 hounds
  2 jellies
  12 orc priests
  A centaur skeleton (D:5)
  11 orc wizards
  Ijyb (D:3)
  6 iguanas
  A scorpion zombie (D:5)
  A bullfrog simulacrum (Ossuary)
  A hexer (D:7)
  A hound zombie (D:5)
  2 hound skeletons (D:5)
  2 mummies (Ossuary)
  21 gnolls
  A howler monkey skeleton (D:5)
  6 adders
  A shadow imp (D:7)
  2 white imps (D:7)
  2 ufetubi (D:6)
  3 adder skeletons (D:5)
  4 adder zombies
  4 dart slugs
  A ribbon worm (D:2)
  51 orcs
  4 endoplasms
  4 giant cockroaches
  7 gnoll zombies (Ossuary)
  10 goblins
  10 hobgoblins
  4 jackals (D:3)
  2 quokkas
  7 ball pythons
  4 bats
  3 frilled lizards (D:1)
  2 jackal zombies (Ossuary)
  12 kobolds
  3 orc zombies (Ossuary)
  3 rats
401 creatures vanquished.

Vanquished Creatures (collateral kills)
  An ogre mage (Orc:2)
  4 two-headed ogres
  An orc knight (Orc:1)
  2 kobold blastminers
  2 rime drakes
  A polar bear (IceCv)
  A hornet (D:9)
  2 trolls
  8 yaks
  A shadow (D:9)
  A basilisk (D:9)
  A steam dragon (D:9)
  A warg (Orc:2)
  A vampire mosquito (D:12)
  2 acid dragons
  3 orc warriors
  A water moccasin (D:7)
  A sky beast (D:6)
  2 ogres (Orc:2)
  A wolf (IceCv)
  A kobold brigand (D:9)
  2 water moccasin zombies (Ossuary)
  Dowan (D:7)
  2 killer bees (D:9)
  A bullfrog zombie (D:5)
  A centaur skeleton (D:5)
  2 gnoll boudas
  2 hounds (D:4)
  An orc priest (Orc:2)
  A spectral scorpion (Ossuary)
  7 orc wizards
  A crocodile zombie (Ossuary)
  A hound zombie (D:5)
  2 adders
  2 gnolls
  A howler monkey skeleton (D:5)
  An adder zombie (Ossuary)
  12 orcs
  A goblin (D:5)
  2 ball pythons (D:4)
  2 gnoll zombies (Ossuary)
  A jackal zombie (Ossuary)
  An orc zombie (Ossuary)
85 creatures vanquished.

Vanquished Creatures (others)
  A wight (D:7)
  10 hexers
11 creatures vanquished.

Grand Total: 497 creatures vanquished

Notes
Turn   | Place    | Note
-------+----------+-------------------------------------------
     0 | D:1      | dialectric the Minotaur Fighter began the quest for the
                  | Orb.
     0 | D:1      | Reached XP level 1. HP: 19/19 MP: 0/0
   109 | D:1      | Reached XP level 2. HP: 27/27 MP: 1/1
   741 | D:2      | Reached XP level 3. HP: 30/33 MP: 2/2
  1391 | D:3      | Noticed Ijyb
  1469 | D:3      | Killed Ijyb
  1470 | D:3      | Reached skill level 1 in Dodging
  1470 | D:3      | Reached XP level 4. HP: 41/41 MP: 3/3
  1738 | D:3      | Noticed Sigmund
  1744 | D:3      | Killed Sigmund
  1745 | D:3      | Reached skill level 5 in Fighting
  1745 | D:3      | Reached skill level 2 in Polearms
  1745 | D:3      | Reached skill level 5 in Armour
  1745 | D:3      | Reached XP level 5. HP: 39/48 MP: 4/4
  1745 | D:3      | Reached XP level 6. HP: 45/56 MP: 5/5
  1899 | D:3      | Found a blossoming altar of Fedhas.
  2077 | D:3      | Found a stormy altar of Qazlal.
  2077 | D:3      | Noticed a sky beast
  2089 | D:3      | Killed a sky beast
  2287 | D:3      | Found a faded altar of an unknown god.
  2435 | D:3      | Prayed at the altar of an unknown god.
  2435 | D:3      | Became a worshipper of Hepliaklqana the Forgotten
  2435 | D:3      | Reached * piety under Hepliaklqana
  2773 | D:4      | Reached skill level 3 in Polearms
  2789 | D:4      | Reached XP level 7. HP: 54/54 MP: 6/6
  2849 | D:4      | Found a burning altar of Makhleb.
  3284 | D:4      | Reached ** piety under Hepliaklqana
  3285 | D:4      | Remembered your ancestor Dial as a hexer
  3492 | D:5      | Entered Level 5 of the Dungeon
  3536 | D:5      | Reached skill level 4 in Polearms
  3567 | D:5      | Found an iron altar of Okawaru.
  3601 | D:5      | Found an ancient bone altar of Kikubaaqudgha.
  3601 | D:5      | Found a sacrificial altar of Ru.
  3674 | D:5      | Found a glowing silver altar of Zin.
  3730 | D:5      | Found a shimmering blue altar of Sif Muna.
  3773 | D:5      | Found a broken altar of Ashenzari.
  3791 | D:5      | Reached XP level 8. HP: 63/63 MP: 7/7
  3825 | D:5      | Found a sand-covered staircase.
  3836 | Ossuary  | Entered an ossuary
  3878 | Ossuary  | Reached skill level 5 in Dodging
  3895 | Ossuary  | Reached skill level 5 in Polearms
  4557 | D:6      | Found an ornate altar of the Wu Jian Council.
  4815 | D:6      | Found a staircase to the Ecumenical Temple.
  4827 | D:6      | Reached skill level 6 in Polearms
  4993 | D:6      | Learned a level 4 spell: Animate Dead
  5005 | D:6      | Reached *** piety under Hepliaklqana
  5099 | D:6      | Found a snail-covered altar of Cheibriados.
  5406 | D:7      | Reached XP level 9. HP: 56/72 MP: 7/9
  5559 | D:7      | Reached skill level 1 in Necromancy
  5616 | D:7      | Reached skill level 1 in Spellcasting
  5641 | D:7      | Got the Elucidation of Conjuration
  5669 | D:7      | Noticed Duvessa
  5669 | D:7      | Noticed Dowan
  5679 | D:7      | Killed Duvessa
  5683 | D:7      | Killed Dowan
  5707 | D:7      | Noticed a boulder beetle
  5707 | D:7      | Noticed a troll
  5708 | D:7      | Noticed a manticore
  5713 | D:7      | Reached skill level 7 in Polearms
  5718 | D:7      | Killed an unseen horror
  5741 | D:7      | Killed a manticore
  5771 | D:7      | Killed a boulder beetle
  5944 | D:7      | Reached XP level 10. HP: 51/81 MP: 12/12
  5956 | D:7      | Reached skill level 8 in Polearms
  6156 | D:7      | Noticed a cyan ugly thing
  6161 | D:7      | Killed a cyan ugly thing
  6951 | D:8      | Reached **** piety under Hepliaklqana
  6982 | D:8      | Found a staircase to the Lair.
  7195 | D:8      | Reached skill level 10 in Fighting
  7195 | D:8      | Reached skill level 10 in Armour
  7280 | D:8      | Reached skill level 9 in Polearms
  7603 | D:9      | Noticed Jeremiah
  7768 | D:9      | Reached XP level 11. HP: 90/90 MP: 15/15
  7802 | D:9      | Noticed a two-headed ogre
  7812 | D:9      | Killed a two-headed ogre
  7890 | D:9      | Reached ***** piety under Hepliaklqana
  8029 | D:9      | Noticed a two-headed ogre
  8036 | D:9      | Killed a two-headed ogre
  8091 | D:9      | Noticed a two-headed ogre
  8098 | D:9      | Killed a two-headed ogre
  8099 | D:9      | Reached skill level 10 in Polearms
  8410 | D:9      | Found a glowing golden altar of the Shining One.
  8615 | D:9      | Found a white marble altar of Elyvilon.
  8945 | D:9      | Killed Jeremiah
  9409 | D:10     | Entered Level 10 of the Dungeon
  9434 | D:10     | Found a portal to a secret trove of treasure.
  9437 | D:10     | Noticed a two-headed ogre
  9442 | D:10     | Killed a two-headed ogre
  9443 | D:10     | Reached skill level 11 in Polearms
 10042 | D:10     | Reached skill level 12 in Polearms
 10042 | D:10     | Reached XP level 12. HP: 100/100 MP: 17/17
 10080 | D:11     | Reached XP level 13. HP: 82/106 MP: 18/18
 10302 | D:11     | Noticed Sonja
 10308 | D:11     | Noticed Psyche
 10329 | D:11     | Killed Psyche
 10539 | D:11     | Killed Sonja
 10540 | D:11     | Reached skill level 13 in Polearms
 10540 | D:11     | Reached skill level 5 in Necromancy
 11470 | D:12     | Found a staircase to the Orcish Mines.
 11991 | Orc:1    | Entered Level 1 of the Orcish Mines
 12351 | Orc:1    | Reached ****** piety under Hepliaklqana
 12659 | Orc:1    | Found a frozen archway.
 12685 | IceCv    | Entered an ice cave
 12811 | IceCv    | Reached skill level 14 in Polearms
 12927 | IceCv    | Reached skill level 5 in Spellcasting
 13084 | IceCv    | Reached skill level 5 in Invocations
 13422 | IceCv    | Noticed a frost giant
 13457 | IceCv    | Killed a frost giant
 13471 | IceCv    | Reached skill level 15 in Polearms
 13476 | IceCv    | Reached XP level 14. HP: 62/116 MP: 20/20
 13493 | IceCv    | Identified the +6 scimitar of Extremism {spect, Dex+6}
 14259 | Orc:2    | Entered Level 2 of the Orcish Mines
 15044 | Orc:2    | Slain by a two-headed ogre

Illustrated notes

Levels and vault maps discovered:
D:1:      lightli_arrival_boilingwater, layout_basic,
          amcnicky_mini_corridor_feature
D:2:      layout_basic
D:3:      layout_basic, nicolae_qazlal_beasts_of_the_sky, fedhas_altar_4,
          serial_rivers, chequers_serial_rivers_micro_e,
          chequers_serial_rivers_small_a, chequers_serial_rivers_small_a,
          chequers_serial_rivers_large_b, chequers_serial_rivers_micro_b,
          hellmonk_ecumenical_altar_crossroads, uniq_ijyb, uniq_sigmund
D:4:      layout_gridville, makhleb_heckhound_becter, serial_co_window_serial,
          co_window_paths_b, co_window_corner_a, co_window_of_opportunity_a,
          co_window_of_opportunity_a, co_window_corner_a, co_window_cross_3,
          co_window_broadway_b, co_window_cross_3, glass_columns_a,
          glass_columns_c, glass_columns_b
D:5:      layout_rooms, lemuel_tele_altar, gammafunk_temple_overflow_wave,
          kennysheep_okawaru_gauntlet, nicolae_sif_muna_condensation,
          zin_academy, mainiacjoe_ossuary_entry_find_the_door, serial_undead,
          serial_undead_a, serial_undead_d, serial_undead_d, serial_undead_d
D:6:      layout_gridville, cheibriados_altar_1, mainiacjoe_overflow_boulevard,
          minmay_temple_entry_offerings
D:7:      minmay_the_grid_octo_tiled_octocenter [minmay_the_grid_octo_teeth,
          minmay_the_grid_octo_concentric, minmay_the_grid_octo_fat_diamond,
          minmay_the_grid_octo_tetromino_candy,
          minmay_the_grid_octo_prize_big_c,
          minmay_the_grid_square_5x5_inverted_slash,
          minmay_the_grid_square_5x5_minimal, minmay_the_grid_square_5x5_comb,
          minmay_the_grid_square_5x5_meh], layout_basic, minivault_10,
          columned_hall_lemuel, uniq_duvessa
D:8:      layout_gridville, dpeg_oklobed_lair
D:9:      layout_layer_cave, general_overflow_altar,
          nicolae_tso_swordbearing_angel, nzn_random_ring, uniq_jeremiah
D:10:     layout_basic, nicolae_trove_entry_isolated
D:11:     layout_cave_pools, uniq_sonja, uniq_psyche
D:12:     layout_stronghold, hiddenorc1_lemuel
Orc:1:    layout_caves, portal_ice_cave_rime, regret_index_minedec_devilstone,
          nicolae_orc_found_a_spring
Orc:2:    st_orc_ogre_mass, layout_caves

Skill      XL: |  1  2  3  4  5  6  7  8  9 10 11 12 13 14 |
---------------+-------------------------------------------+-----
Shields        | 4 |  4.1
Fighting       | 4 5 6 8 9 10 12 13 | 13.9
Armour         | 4 5 6 8 9 10 12 14 | 14.7
Maces & Flails | 3 |  3.6
Dodging        | 1 2 3 4 5 6 |  6.1
Polearms       | 2 3 4 6 7 9 12 15 | 15.8
Necromancy     | 2 4 5 |  5.0
Spellcasting   | 2 3 4 5 |  5.0
Invocations    | 2 5 |  5.0
Evocations     | 2 3 4 |  4.5

Action                     |  1- 3 |  4- 6 |  7- 9 | 10-12 | 13-15 || total
---------------------------+-------+-------+-------+-------+-------++-------
  Melee: Flail             |    64 |    11 |       |       |       ||    75
         Headbutt          |     8 |     5 |    44 |    60 |   152 ||   269
         Unarmed           |     4 |       |       |       |       ||     4
         Trident           |       |    53 |   267 |   375 |   645 ||  1340
 Invoke: Recall Ancestor   |       |     1 |       |       |     1 ||     2
         Ancestor Identity |       |     1 |       |       |       ||     1
         Ancestor Life: He |       |       |     1 |       |       ||     1
  Evoke: Wand              |       |       |     2 |       |       ||     2
    Use: Scroll            |       |       |     8 |    13 |     4 ||    25
         Potion            |       |       |       |     2 |     6 ||     8
   Stab: Distracted        |       |       |     4 |     2 |     5 ||    11
         Confused          |       |       |     3 |     4 |    11 ||    18
 Armour: Scale mail        |    49 |    39 |    19 |       |       ||   107
         Skin              |     5 |       |       |       |       ||     5
         Plate armour      |       |       |   179 |    34 |       ||   213
         Gold dragon scale |       |       |       |   276 |   550 ||   826
  Dodge: Dodged            |    40 |    14 |    91 |    94 |   149 ||   388

Table legend: (Time is in decaauts)
 A = Elapsed time spent in this place.
 B = Non-inter-level travel time spent in this place.
 C = Inter-level travel time spent in this place.
 D = Time resting spent in this place.
 E = Time spent auto-exploring this place.
 F = Levels seen in this place.
 G = Mean time per level.
                   A        B        C        D        E       F      G
               +--------+--------+--------+--------+--------+-----+--------+
         Total |  14805 |  14198 |    607 |    792 |  10009 |  16 |  925.3 |
       Dungeon |  11896 |  11337 |    559 |    545 |   8217 |  12 |  991.3 |
  Orcish Mines |   1614 |   1566 |     48 |    247 |    872 |   2 |  807.0 |
       Ossuary |    167 |    167 |      0 |      0 |     43 |   1 |  167.0 |
      Ice Cave |   1127 |   1127 |      0 |      0 |    876 |   1 | 1127.0 |
               +--------+--------+--------+--------+--------+-----+--------+

Top non-repeatable levels by time:
     D:9: 1779 daAuts
     D:7: 1438 daAuts
   Orc:1: 1431 daAuts
     D:3: 1198 daAuts
   IceCv: 1127 daAuts
    D:12: 1029 daAuts
    D:11: 969 daAuts
     D:4: 952 daAuts
     D:5: 853 daAuts
     D:2: 844 daAuts
     D:8: 814 daAuts
     D:6: 799 daAuts
    D:10: 630 daAuts
     D:1: 586 daAuts
   Orc:2: 183 daAuts
